 Dungeon Sprint DCSS version 0.20-a0-1124-g2e29d97 (webtiles) character file.

3640 potatolord6000 the Warrior (level 10, -4/128 HPs)
             Began as an Ogre Gladiator on May 15, 2017.
             Was an Initiate of Gozag.
             Slain by a four-headed hydra (9 damage)
             ... in the Dungeon (Sprint IX: "|||||||||||||||||||||||||||||").
             The game lasted 00:03:54 (929 turns).

potatolord6000 the Warrior (Ogre Gladiator)          Turns: 929, Time: 00:03:55

Health: -4/128     AC:  4    Str: 23    XL:     10   Next: 12%
Magic:  10/10      EV: 26    Int:  9    God:    Gozag
Gold:   1665       SH:  0    Dex: 18    Spells: 9/9 levels left

rFire    . . .     SeeInvis .   m - +2 morningstar (crush)
rCold    . . .     Gourm    .   (no shield)
rNeg     . . .     Faith    .   b - +0 robe
rPois    .         Spirit   .   c - +0 hat
rElec    .         Reflect  .   a - +0 cloak
rCorr    .         Harm     .   (gloves unavailable)
MR       +....     NoTele   +   (boots unavailable)
Stlth    +++.......             (no amulet)
Regen    0.4/turn               n - +2 ring of evasion
MPRegen  0.2/turn               o - +3 ring of dexterity

@: agile, gold aura, hasted, very quick
A: unfitting armour, tough skin 1
a: Potion Petition, Call Merchant, Bribe Branch, Renounce Religion


You were in the Dungeon.
You worshipped Gozag.
Gozag was most pleased with you.
You were not hungry.

You visited 1 branch You collected 1665 gold pieces.

Inventory:

Hand Weapons
 m - a +2 morningstar of crushing (weapon)
Armour
 a - a +0 cloak (worn)
 b - a +0 robe (worn)
 c - a +0 hat (worn)
Jewellery
 n - a +2 ring of evasion (left hand)
 o - a +3 ring of dexterity (right hand)
Wands
 l - a wand of lightning (7/15)
Scrolls
 h - 4 scrolls of remove curse
 j - 2 scrolls of amnesia
 k - 4 scrolls of blinking
 t - a scroll of recharging
 u - a scroll of fear
Potions
 d - a potion of invisibility
 e - 4 potions of curing
 i - 4 potions of magic
 q - a potion of brilliance
 s - a potion of haste
Comestibles
 f - a bread ration


   Skills:
 + Level 16.5 Fighting
 + Level 12.3 Maces & Flails
 - Level 2.0 Throwing
 + Level 12.4 Dodging


You had 9 spell levels left.
You didn't know any spells.

Dungeon Overview and Level Annotations

Branches:
Dungeon (1/1)

Altars:
Cheibriados
Dithmenos
Elyvilon
Fedhas
Gozag
Hepliaklqana
Kikubaaqudgha
Makhleb
Nemelex Xobeh
Okawaru
Qazlal
Ru
Sif Muna
Trog
Uskayaw
Vehumet
Wu Jian
Xom
Yredelemnul
Zin
The Shining One
Beogh
Jiyva
Lugonu


Innate Abilities, Weirdness & Mutations

You are too large for most types of armour.
You have tough skin. (AC +1)


Message History

The hippogriff is almost dead.
The hippogriff completely misses you. x3
You bludgeon the hippogriff!!
You kill the hippogriff!
You hit the four-headed hydra.
The four-headed hydra is lightly wounded.
The crocodile is distracted by the nearby gold.
The four-headed hydra bites you.
* * * LOW HITPOINT WARNING * * *
The four-headed hydra misses you.
The four-headed hydra barely misses you.
The four-headed hydra bites you!
* * * LOW HITPOINT WARNING * * *
You hit the four-headed hydra.
The four-headed hydra is lightly wounded.
You barely miss the four-headed hydra.
The four-headed hydra is lightly wounded.
The four-headed hydra bites you!
You die...
Your body crumbles into a pile of gold. $$$$$$$$$$ $$$$$$$$$$$$ $$$$$

$ $ ▓▓▓▓▓▓▓▓▓▓▓▓▓▓▓▓▓▓▓▓▓▓▓▓
....'.........$$@DDt.t..
▓▓▓▓▓▓▓▓▓▓▓▓▓▓▓▓▓▓▓▓▓▓▓▓▓▓▓▓▓▓▓▓▓
.................................
▓▓▓▓▓▓▓▓▓▓▓▓▓▓▓▓▓▓▓▓▓▓▓▓▓▓▓▓▓▓▓▓▓
________________________'..|)[.[.
▓▓▓▓▓▓▓▓▓▓▓▓▓▓▓▓▓▓▓▓▓▓▓▓▓▓▓▓▓▓▓▓▓


You could see a five-headed hydra, a four-headed hydra and 2 crocodiles.

Vanquished Creatures
  A catoblepas (D)
  An elephant (D)
  A spiny frog (D)
  An efreet (D)
  A komodo dragon (D)
  3 hippogriffs (D)
  A yak (D)
  A wyvern (D)
  A basilisk (D)
  3 porcupines (D)
  An ice beast (D)
  An orc warrior (D)
  A crocodile (D)
  2 bullfrogs (D)
  2 crimson imps (D)
  A hound (D)
  A jelly (D)
  An orc wizard (D)
  An iguana (D)
  2 worker ants (D)
  2 adders (D)
  A leopard gecko (D)
  2 orcs (D)
  A bat (D)
  A giant cockroach (D)
  A kobold (D)
  A rat (D)
36 creatures vanquished.

Notes
Turn   | Place    | Note
-------+----------+-------------------------------------------
     0 | D        | potatolord6000 the Ogre Gladiator began the quest for the Orb.
     0 | D        | Reached XP level 1. HP: 22/22 MP: 1/1
     8 | D        | Reached skill level 3 in Fighting
    20 | D        | Reached XP level 2. HP: 23/32 MP: 2/2
   109 | D        | Noticed a crimson imp
   109 | D        | Noticed a crimson imp
   117 | D        | Reached skill level 4 in Fighting
   125 | D        | Killed a crimson imp
   125 | D        | Reached skill level 6 in Fighting
   125 | D        | Reached XP level 3. HP: 28/44 MP: 3/3
   129 | D        | Reached XP level 4. HP: 42/52 MP: 4/4
   130 | D        | Reached skill level 7 in Fighting
   130 | D        | Reached skill level 5 in Maces & Flails
   130 | D        | Reached skill level 5 in Dodging
   138 | D        | Found a roughly hewn altar of Beogh.
   138 | D        | Found a snail-covered altar of Cheibriados.
   138 | D        | Found a shadowy altar of Dithmenos.
   138 | D        | Found a white marble altar of Elyvilon.
   138 | D        | Found a blossoming altar of Fedhas.
   138 | D        | Found an opulent altar of Gozag.
   139 | D        | Found a hazy altar of Hepliaklqana.
   140 | D        | Found a viscous altar of Jiyva.
   141 | D        | Found an ancient bone altar of Kikubaaqudgha.
   142 | D        | Found a corrupted altar of Lugonu.
   143 | D        | Found a burning altar of Makhleb.
   144 | D        | Found a sparkling altar of Nemelex Xobeh.
   145 | D        | Found an iron altar of Okawaru.
   146 | D        | Became a worshipper of Gozag Ym Sagoz the Greedy
   147 | D        | Found a stormy altar of Qazlal.
   148 | D        | Found a sacrificial altar of Ru.
   149 | D        | Found a deep blue altar of Sif Muna.
   150 | D        | Found a bloodstained altar of Trog.
   151 | D        | Found a hide-covered altar of Uskayaw.
   152 | D        | Found a radiant altar of Vehumet.
   153 | D        | Found an ornate altar of the Wu Jian Council.
   154 | D        | Found a shimmering altar of Xom.
   155 | D        | Found a basalt altar of Yredelemnul.
   156 | D        | Found a glowing silver altar of Zin.
   157 | D        | Found a glowing golden altar of the Shining One.
   278 | D        | Noticed a wyvern
   278 | D        | Noticed an ice beast
   281 | D        | Reached XP level 5. HP: 35/63 MP: 5/5
   290 | D        | Killed a wyvern
   290 | D        | Reached skill level 9 in Fighting
   290 | D        | Reached XP level 6. HP: 43/78 MP: 6/6
   296 | D        | Killed an ice beast
   296 | D        | Reached skill level 10 in Fighting
   305 | D        | Reached skill level 11 in Fighting
   447 | D        | Noticed an efreet
   447 | D        | Noticed an orc warrior
   447 | D        | Noticed a basilisk
   449 | D        | Reached XP level 7. HP: 88/88 MP: 7/7
   457 | D        | Killed an efreet
   457 | D        | Reached skill level 12 in Fighting
   481 | D        | Killed a basilisk
   481 | D        | Reached XP level 8. HP: 37/101 MP: 8/8
   838 | D        | Noticed a hippogriff
   838 | D        | Noticed a komodo dragon
   838 | D        | Noticed a hippogriff
   838 | D        | Noticed a spiny frog
   843 | D        | Killed a hippogriff
   843 | D        | Reached skill level 13 in Fighting
   843 | D        | Reached skill level 10 in Dodging
   844 | D        | Noticed a catoblepas
   849 | D        | Killed a komodo dragon
   849 | D        | Reached skill level 10 in Maces & Flails
   851 | D        | Killed a hippogriff
   851 | D        | Reached skill level 14 in Fighting
   857 | D        | Killed a catoblepas
   857 | D        | Reached skill level 15 in Fighting
   857 | D        | Reached XP level 9. HP: 31/115 MP: 9/9
   876 | D        | Killed a spiny frog
   899 | D        | Noticed an elephant
   899 | D        | Noticed a four-headed hydra
   911 | D        | Killed an elephant
   911 | D        | Reached skill level 16 in Fighting
   911 | D        | Reached XP level 10. HP: 41/127 MP: 10/10
   912 | D        | Noticed a five-headed hydra
   927 | D        | HP: 5/128 [four-headed hydra (15)]
   929 | D        | Slain by a four-headed hydra

Vault maps used:
D:        linesprint

Skill      XL: |  1  2  3  4  5  6  7  8  9 |
---------------+----------------------------+-----
Fighting       | 3 6 7 9 11 12 15 16 | 16.5
Maces & Flails | 3 4 5 7 8 9 11 12 | 12.3
Dodging        | 3 4 5 7 8 9 11 12 | 12.4
Throwing       | |  2.0

Action                   |  1- 3 |  4- 6 |  7- 9 | 10-12 || total
-------------------------+-------+-------+-------+-------++-------
Melee: Flail             |    34 |     2 |       |       ||    36
       Morningstar       |       |    24 |    69 |    15 ||   108
  Use: Potion            |     2 |     2 |     7 |       ||    11
 Stab: Distracted        |       |     1 |       |       ||     1
Armor: Robe              |    10 |     2 |     2 |     1 ||    15
Dodge: Dodged            |    17 |    18 |    49 |    15 ||    99
